 Dungeon Crawl Stone Soup version 0.29.1-12-g30fa7ad0bf (webtiles) character file.

Game seed: 12592886473628702815

61 ThatPearl the Chiller (level 3, -1/26 HPs)
             Began as a Demonspawn Ice Elementalist on Jan 3, 2023.
             Slain by a gnoll
             ... wielding a +0 spear
              (3 damage)
             ... on level 2 of the Dungeon.
             The game lasted 00:04:34 (1991 turns).

ThatPearl the Chiller (Demonspawn Ice Elementalist) Turns: 1991, Time: 00:04:35

Health: -1/26      AC:  3    Str:  8    XL:     3   Next: 83%
Magic:  4/6        EV: 12    Int: 18    God:
Gold:   96         SH:  0    Dex: 13    Spells: 6/7 levels left

rFire   . . .      SeeInvis .   k - +0 spear
rCold   + . .      Faith    .   (no shield)
rNeg    . . .      Spirit   .   a - +0 robe
rPois   .          Reflect  .   (no helmet)
rElec   .          Harm     .   (no cloak)
rCorr   .          Rampage  .   (no gloves)
Will    .....                   (no boots)
Stlth   ++........              (no amulet)
HPRegen 0.08/turn               d - ring of protection from cold
MPRegen 0.10/turn               (no ring)

@: no status effects
A: hooves 1, sharp scales 1
a: no special abilities


You were on level 2 of the Dungeon.
You visited 1 branch of the dungeon, and saw 2 of its levels.

You collected 96 gold pieces.

Inventory:

Hand Weapons
 k - a +0 spear (weapon)
 l - a +0 morningstar
Armour
 a - a +0 robe (worn)
Jewellery
 d - a ring of protection from cold (left hand)
Scrolls
 c - a scroll of silence {unknown}
 e - a scroll of noise {unknown}
 f - a scroll of vulnerability {unknown}
 g - a scroll of immolation {unknown}
 h - a scroll of fear {unknown}
 j - a scroll of identify {unknown}
Potions
 b - 2 potions of magic
 i - a potion of haste {unknown}


   Skills:
 + Level 1.4 Fighting
 + Level 2.4 Dodging
 - Level 1.7 Stealth
 + Level 2.6 Spellcasting
 + Level 4.0 Ice Magic


You had 6 spell levels left.
You knew the following spells:

 Your Spells              Type           Power      Damage    Failure   Level
a - Freeze                Ice            64%        1d8       3%          1

Your spell library contained the following spells:

 Spells                   Type           Power      Damage    Failure   Level
 Frozen Ramparts          Ice            32%        1d5       10%         3
 Ozocubu's Armour         Ice            16%        N/A       10%         3
 Apportation              Tloc           4%         N/A       17%         1
 Hailstorm                Conj/Ice       9%         3d4       58%         4
 Alistair's Intoxication  Tmut/Pois      1%         N/A       99%         5


Dungeon Overview and Level Annotations

Branches:
Dungeon (2/15)

Altars:


Innate Abilities, Weirdness & Mutations

You have large cloven feet.
You are partially covered in razor-sharp scales. (AC +1, Slay +1)


Message History

The gnoll hits you with a +0 halberd.
You hit the gnoll. Your kick misses the gnoll.
The gnoll is heavily wounded.
The gnoll completely misses you.
You hit the gnoll. Your kick misses the gnoll.
The gnoll is almost dead.
The gnoll hits you with a +0 halberd!
* * * LOW HITPOINT WARNING * * *
You barely miss the gnoll. You kick the gnoll.
You kill the gnoll!
Your Ice Magic skill increases to level 4!
Things that are here:
a +0 halberd; a gnoll corpse You start resting.
HP restored.
You see here a +0 club.
The gnoll shouts!
The gnoll hits you from afar with a +0 spear!
You see here a +0 club.
Things that are here:
a +0 halberd; a gnoll skeleton
Things that are here:
a jackal skeleton; a jackal skeleton The gnoll hits you with a +0 spear!
Things that are here:
a jackal skeleton; a jackal skeleton
Aiming: Freeze (safe; 3% risk of failure)
Press: ? - help, Q - select action Shift-Dir - straight line, f - gnoll
Aim: a gnoll, wielding a +0 spear and wearing the +1 leather armour of the World {Will+++ rCorr Slay+5 Stlth-} You freeze the gnoll.
The gnoll is lightly wounded.
The gnoll hits you with a +0 spear!
* * * LOW HITPOINT WARNING * * *
Aiming: Freeze (safe; 3% risk of failure)
Press: ? - help, Q - select action Shift-Dir - straight line, f/p - gnoll
Aim: a gnoll, wielding a +0 spear and wearing the +1 leather armour of the World {Will+++ rCorr Slay+5 Stlth-} (lightly wounded)
You freeze the gnoll.
The gnoll is lightly wounded.
The gnoll hits you with a +0 spear.
You die...

###############
..#....)..g@..#
######.#.#########.#
######## .<..##.#)#
#.#######.......
g....#.#.#
#.........######
###..#.#.######
#.#########
#...........## #>#
#............# #.#
#.#....#.~~~.# #.#
#.##.#....⌠..###.#


You could see a gnoll.

Vanquished Creatures
  A gnoll (D:2)
  An adder (D:2)
  4 bats
  An endoplasm (D:1)
  5 goblins
  4 hobgoblins
  7 jackals (D:2)
  3 kobolds
  3 quokkas
  4 ball pythons (D:1)
  4 frilled lizards
  A rat (D:1)
38 creatures vanquished.

Notes
Turn   | Place    | Note
-------+----------+-------------------------------------------
     0 | D:1      | ThatPearl the Demonspawn Ice Elementalist began the quest
                  | for the Orb.
     0 | D:1      | Reached XP level 1. HP: 13/13 MP: 3/3
   346 | D:1      | Gained mutation: You are partially covered in razor-sharp
                  | scales. (AC +1, Slay +1) [demonic ancestry]
   346 | D:1      | Reached XP level 2. HP: 11/20 MP: 1/5
  1037 | D:1      | Reached skill level 1 in Fighting
  1318 | D:2      | Gained mutation: You have large cloven feet. [demonic
                  | ancestry]
  1318 | D:2      | Reached XP level 3. HP: 26/26 MP: 6/6
  1674 | D:2      | Identified the +1 leather armour of the World {Will+++
                  | rCorr Slay+5 Stlth-}
  1696 | D:2      | Reached skill level 4 in Ice Magic
  1991 | D:2      | Slain by a gnoll

Illustrated notes

Levels and vault maps discovered:
D:1:      lightli_arrival_maybe_door_vault, layout_loops_cross, hex_tiny,
          amcnicky_mini_rare_corridor_liquid
D:2:      layout_loops_ring, basic_ecumenical_altar, corexii_leaking_fountain

Skill      XL: |  1  2  3 |
---------------+----------+-----
Dodging        | 2 |  2.4
Fighting       | 1 |  1.4
Ice Magic      | 4 |  4.0
Stealth        | |  1.7
Spellcasting   | |  2.6

Action                   || total
-------------------------++-------
Melee: Club              ||    39
       Spear             ||    54
       Punch             ||     1
       Kick              ||    11
 Cast: Freeze            ||    29
 Stab: Sleeping          ||     4
Armor: Robe              ||    25
Dodge: Dodged            ||    83
